 Dungeon Crawl Stone Soup version 0.25-a0-44-g29a1220a87 (webtiles) character file.

Game seed: 7518849036899071677, levelgen mode: deterministic

39 TakeFive the Magician (level 3, 0/25 HPs)
             Began as a Gnoll Wizard on Oct 23, 2019.
             Slain by a worker ant (7 damage)
             ... on level 2 of the Dungeon.
             The game lasted 00:01:33 (1883 turns).

TakeFive the Magician (Gnoll Wizard)                Turns: 1883, Time: 00:01:33

Health: 0/25       AC:  2    Str:  9    XL:     3   Next: 47%
Magic:  0/11       EV: 14    Int: 21    God:
Gold:   126        SH:  0    Dex: 13    Spells: 15/16 levels left

rFire    . . .     SeeInvis .   (no weapon)
rCold    . . .     Gourm    .   (no shield)
rNeg     . . .     Faith    .   a - +0 robe
rPois    .         Spirit   .   b - +0 hat
rElec    .         Reflect  .   (no cloak)
rCorr    .         Harm     .   (no gloves)
MR       .....                  (no boots)
Stlth    +++.......             (no amulet)
HPRegen  0.08/turn              (no ring)
MPRegen  0.12/turn              (no ring)

@: lethally poisoned (0 -> -6)
A: distributed training, fangs 1, strong nose
a: no special abilities


You were on level 2 of the Dungeon.
You were hungry.

You visited 1 branch of the dungeon, and saw 2 of its levels.

You collected 126 gold pieces.

Inventory:

Missiles
 i - 2 javelins (quivered)
Armour
 a - a +0 robe (worn)
 b - a +0 hat (worn)
Scrolls
 e - 4 scrolls of identify {unknown}
 g - 2 scrolls of fear {unknown}
 h - a scroll of amnesia {unknown}
Potions
 c - a potion of curing {unknown}
 f - a potion of ambrosia {unknown}
Comestibles
 d - 4 rations


   Skills:
 + Level 0.8 Fighting
 + Level 0.8 Short Blades
 + Level 0.8 Long Blades
 + Level 0.8 Axes
 + Level 0.8 Maces & Flails
 + Level 0.8 Polearms
 + Level 0.8 Staves
 + Level 0.8 Slings
 + Level 0.8 Bows
 + Level 0.8 Crossbows
 + Level 0.8 Throwing
 + Level 0.8 Armour
 + Level 4.5 Dodging
 + Level 4.1 Stealth
 + Level 0.8 Shields
 + Level 0.8 Unarmed Combat
 + Level 7.1 Spellcasting
 + Level 2.1 Conjurations
 + Level 0.5 Hexes
 + Level 0.5 Charms
 + Level 2.1 Summonings
 + Level 0.5 Necromancy
 + Level 2.1 Translocations
 + Level 0.5 Transmutations
 + Level 0.5 Fire Magic
 + Level 0.5 Ice Magic
 + Level 0.5 Air Magic
 + Level 0.5 Earth Magic
 + Level 0.5 Poison Magic
 + Level 1.0 Invocations
 + Level 0.8 Evocations


You had 15 spell levels left.
You knew the following spells:

 Your Spells              Type           Power        Failure   Level  Hunger
a - Magic Dart            Conj           ###.         3%          1    None

Your spell library contained the following spells:

 Spells                   Type           Power        Failure   Level  Hunger
 Blink                    Tloc           N/A          5%          2    None
 Call Imp                 Summ           ###.....     5%          2    None
 Slow                     Hex            #.......     11%         2    None
 Conjure Flame            Conj/Fire      ##......     16%         3    None
 Mephitic Cloud           Conj/Pois/Air  ##......     17%         3    None


Dungeon Overview and Level Annotations

Branches:
Dungeon (2/15)

Altars:


Innate Abilities, Weirdness & Mutations

Your experience applies equally to all skills.
You have very sharp teeth.
Your uncanny sense of smell can sniff out nearby items.


Message History

The magic dart hits the worker ant.
The worker ant is almost dead.
The worker ant bites you.
Unknown command.
Casting: Magic Dart (safe; 3% risk of failure)
Confirm with . or Enter, or press ? or * to list all spells.
You don't have enough magic to cast that spell.
Unknown command.
Casting: Magic Dart (safe; 3% risk of failure)
Confirm with . or Enter, or press ? or * to list all spells.
You don't have enough magic to cast that spell.
Unknown command.
Casting: Magic Dart (safe; 3% risk of failure)
Confirm with . or Enter, or press ? or * to list all spells.
You don't have enough magic to cast that spell.
Unknown command.
A goblin comes into view. It is wielding a +0 dagger.
* * * LOW HITPOINT WARNING * * *
You feel sick. The worker ant bites you!
You die...

.....#'#####.#
.....†..†....#.
#.........####. .##
#.........# #. ...
#.........# #.
..### #.........#
#. #...#
..........# #g
#...# ###########
#.###.g.# #
#.a@'...# #
##########...# #
#.....(.##...# #
###............# #
#...........####
#######...........#
......(...........#
#########.........#
# #######'###


You could see a worker ant and a goblin (wandering).

Vanquished Creatures
  A dart slug (D:1)
  4 leopard geckos
  3 goblins
  5 hobgoblins
  2 jackals (D:1)
  7 kobolds
  A ball python (D:1)
  5 bats
  A frilled lizard (D:2)
  3 rats
32 creatures vanquished.

Notes
Turn   | Place    | Note
-------+----------+-------------------------------------------
     0 | D:1      | TakeFive the Gnoll Wizard began the quest for the Orb.
     0 | D:1      | Reached XP level 1. HP: 13/13 MP: 8/8
   415 | D:1      | Reached XP level 2. HP: 19/19 MP: 5/10
   889 | D:1      | Reached XP level 3. HP: 21/25 MP: 0/11
  1816 | D:2      | Reached skill level 1 in Invocations
  1883 | D:2      | Slain by a worker ant

Levels and vault maps discovered:
D:1:      sevenhm_arrival_forest_fort_large_4, layout_basic, feat_on_display
D:2:      layout_basic, minmay_divided_ellipse, uniq_sigmund

Skill      XL: |  1  2  3 |
---------------+----------+-----
Conjurations   | 2 |  2.1
Summonings     | 2 |  2.1
Translocations | 2 |  2.1
Invocations    | 1 |  1.0
Fighting       | |  0.8
Short Blades   | |  0.8
Long Blades    | |  0.8
Axes           | |  0.8
Maces & Flails | |  0.8
Polearms       | |  0.8
Staves         | |  0.8
Slings         | |  0.8
Bows           | |  0.8
Crossbows      | |  0.8
Throwing       | |  0.8
Armour         | |  0.8
Dodging        | |  4.5
Stealth        | |  4.1
Shields        | |  0.8
Unarmed Combat | |  0.8
Spellcasting   | |  7.1
Hexes          | |  0.5
Charms         | |  0.5
Necromancy     | |  0.5
Transmutations | |  0.5
Fire Magic     | |  0.5
Ice Magic      | |  0.5
Air Magic      | |  0.5
Earth Magic    | |  0.5
Poison Magic   | |  0.5
Evocations     | |  0.8

Action                   || total
-------------------------++-------
Melee: Unarmed           ||     3
 Cast: Magic Dart        ||    82
  Eat: Chunk             ||     2
Armor: Robe              ||     4
Dodge: Dodged            ||    13

Table legend:
 A = Non-vault XP
 B = Vault XP
 C = Vault XP percentage of total XP
 D = Non-vault monster count
 E = Vault monster count
 F = Vault count percentage of total count
                 A         B        C        D         E       F
            +---------+---------+-------+---------+---------+-------
      Total |      57 |       0 |   0.0 |      32 |       0 |   0.0
            +---------+---------+-------+---------+---------+-------
        D:1 |      41 |       0 |   0.0 |      22 |       0 |   0.0
        D:2 |      16 |       0 |   0.0 |      10 |       0 |   0.0
            +---------+---------+-------+---------+---------+-------
